 Dungeon Crawl Stone Soup version 0.31-a0-75-g6fe912e8c5 (webtiles) character file.

Game seed: 15933701076007638018

19 loir the Sneak (level 2, -6/13 HPs)
             Began as a Spriggan Enchanter on May 23, 2023.
             Mangled by a gnoll
             ... wielding a +0 halberd
              (10 damage)
             ... on level 2 of the Dungeon.
             The game lasted 00:06:51 (974 turns).

loir the Sneak (Spriggan Enchanter)                  Turns: 974, Time: 00:06:51

Health: -6/13      AC:  2    Str:  4    XL:     2   Next: 55%
Magic:  7/7        EV: 17    Int: 16    God:
Gold:   44         SH:  0    Dex: 15    Spells: 7/7 levels left

rFire   . . .        e - +2 dagger (holy)
rCold   . . .        (no shield)
rNeg    . . .        b - +0 robe
rPois   .            (helmet restricted)
rElec   .            (no cloak)
rCorr   .            (gloves unavailable)
SInv    +            (boots unavailable)
Will    .....        (no amulet)
Stlth   +++          (no ring)
HPRegen 0.22/turn    (no ring)
MPRegen 0.10/turn

%: no passive effects
@: very quick
A: very small, no large weapons, unfitting armour, see invisible, speed 3
a: no special abilities


You were on level 2 of the Dungeon.
You visited 1 branch of the dungeon, and saw 2 of its levels.

You collected 44 gold pieces.

Inventory:

Hand Weapons
 a - a +1 dagger
 e - a +2 dagger of holy wrath (weapon)
 g - a +0 dagger of venom
Armour
 b - a +0 robe (worn)
Potions
 c - 2 potions of invisibility
 d - a potion of curing {unknown}
 f - a potion of brilliance {unknown}


   Skills:
 + Level 1.4 Short Blades
 + Level 3.0 Dodging
 + Level 4.6 Stealth
 * Level 3.1 Spellcasting
 * Level 4.0 Hexes


You had 7 spell levels left.
You didn't know any spells.
Your spell library contained the following spells:

 Spells                   Type           Power      Damage    Failure   Level
 Confusing Touch          Hex            15%        N/A       11%         3
 Tukima's Dance           Hex            15%        N/A       11%         3
 Ensorcelled Hibernation  Hex/Ice        14%        N/A       14%         2
 Dazzling Flash           Conj/Hex       14%        N/A       28%         3
 Poisonous Vapours        Pois/Air       2%         N/A       32%         2
 Mephitic Cloud           Conj/Pois/Air  0%         N/A       56%         3
 Freezing Cloud           Conj/Ice/Air   0%         6-21      99%         5


Dungeon Overview and Level Annotations

Branches:
Dungeon (2/15)

Altars:


Innate Abilities, Weirdness & Mutations

You are very small and have problems with some larger weapons.
You are too small for most types of armour.
You have supernaturally acute eyesight. (SInv)
You cover ground extremely quickly. (Speed+++)


Message History

There is a stone staircase leading up here.
Found a stone staircase leading up.
The helpless kobold fails to defend itself.
You impale the kobold!!
You kill the kobold!
Things that are here:
a +0 dagger; 4 stones; a kobold corpse A hobgoblin comes into view.
You see here a +0 chain mail.
No reachable target in view!
You don't know any spells.
Unknown command.
You don't know any spells.
You don't know any spells.
You don't know any spells.
You don't know any spells.
A hobgoblin is nearby!
The hobgoblin shouts!
You see here a +0 sling.
A gnoll comes into view. It is wielding a +0 halberd.
The gnoll shouts!
You hear a shout! x2
You barely miss the gnoll. The gnoll hits you with a +0 halberd!
Ouch! That really hurt!
* * * LOW HITPOINT WARNING * * *
You barely miss the gnoll. The gnoll barely misses you.
A gnoll comes into view. It is wielding a +0 whip.
You hit the gnoll.
The gnoll is lightly wounded.
The gnoll misses you.
You hit the gnoll.
The gnoll is heavily wounded.
You closely miss the gnoll. The gnoll closely misses you. x2
The gnoll barely misses you. The gnoll barely misses you.
The gnoll throws a stone.
The stone closely misses you.
You don't know any spells.
You don't know any spells.
The gnoll hits you from afar with a +0 halberd!
Ouch! That really hurt!
You die...

# #. ### .. .. ..# #.#
.##.# #.# .#.# ##.#### ...
#.....# #.# #...#).
####.########## #......
#...g.@.......# #......
.....##g##..####.###...8..
### #.......#........8..
#.##..#..)......<~..
#.##..#.#..^..[~~~..
~.....#.##.#~~~~≈≈..
~~~~#...~~~~~≈≈≈≈≈..
≈≈≈≈~~~~~~≈≈≈≈≈≈≈~~..
~≈≈≈≈≈≈≈≈≈≈≈≈≈~~~~8..


You could see 2 gnolls.

Vanquished Creatures
  2 dart slugs (D:1)
  2 bats (D:1)
  2 giant cockroaches (D:1)
  A goblin (D:1)
  2 hobgoblins (D:1)
  4 kobolds
  A rat (D:1)
14 creatures vanquished.

Notes
Turn   | Place    | Note
-------+----------+-------------------------------------------
     0 | D:1      | loir the Spriggan Enchanter began the quest for the Orb.
     0 | D:1      | Reached XP level 1. HP: 9/9 MP: 5/5
   455 | D:1      | Reached XP level 2. HP: 13/13 MP: 7/7
   974 | D:2      | Mangled by a gnoll

Illustrated notes

Levels and vault maps discovered:
D:1:      roderic_chinese_lattice_arrival, layout_basic, grunt_decor_junction
D:2:      wander_river, layout_loops_cross, serial_shops,
          nicolae_shop_statue_plus, minmay_misc_feat_five, corexii_shack

Skill      XL: |  1  2 |
---------------+-------+-----
Spellcasting   | 3 |  3.1
Dodging        | 3 |  3.0
Hexes          | 4 |  4.0
Short Blades   | |  1.4
Stealth        | |  4.6

Action                     || total
---------------------------++-------
  Melee: Dagger            ||    40
   Stab: Sleeping          ||     8
 Armour: Robe              ||     3
  Dodge: Dodged            ||    26

Table legend: (Time is in decaauts)
 A = Elapsed time spent in this place.
 B = Non-inter-level travel time spent in this place.
 C = Inter-level travel time spent in this place.
 D = Time resting spent in this place.
 E = Time spent auto-exploring this place.
 F = Levels seen in this place.
 G = Mean time per level.
                   A        B        C        D        E       F      G
               +--------+--------+--------+--------+--------+-----+--------+
         Total |    611 |    587 |     24 |      0 |    481 |   2 |  305.5 |
       Dungeon |    611 |    587 |     24 |      0 |    481 |   2 |  305.5 |
               +--------+--------+--------+--------+--------+-----+--------+

Top non-repeatable levels by time:
     D:1: 588 daAuts
     D:2: 22 daAuts
